 Dungeon Crawl Stone Soup version 0.24-a0-584-g9d6b971ae4 (webtiles) character file.

Game seed: 131996900373275027, levelgen mode: deterministic

4676 EnegeticOcto the Fighter (level 10, -4/74 HPs)
             Began as an Octopode Summoner on Sept 1, 2019.
             Was a Follower of Ashenzari.
             Slain by a troll (12 damage)
             ... on level 9 of the Dungeon.
             The game lasted 00:19:40 (14287 turns).

EnegeticOcto the Fighter (Octopode Summoner)       Turns: 14287, Time: 00:19:41

Health: -4/74      AC:  2    Str:  9    XL:     10   Next: 44%
Magic:  11/13      EV: 16    Int: 20    God:    Ashenzari [*.....]
Gold:   329        SH:  4    Dex: 12    Spells: 6/13 levels left

rFire    . . .     SeeInvis .   a - +6 short sword (venom)
rCold    . . .     Gourm    .   q - +0 buckler
rNeg     . . .     Faith    .   n - +1 hat
rPois    .         Spirit   .   A - amulet of magic regeneration (curse)
rElec    .         Reflect  .   g - ring of wizardry (curse)
rCorr    .         Harm     .   C - ring of stealth
MR       .....                  (no ring)
Stlth    ++++++....             (no ring)
HPRegen  0.22/turn              (no ring)
MPRegen  0.38/turn              (no ring)
                                (no ring)
                                (no ring)

@: studying Fighting
A: almost no armour, stealthy swim, amphibious, 8 rings, constrict 8, camouflage
1, gelatinous body 1
a: Curse Item, Scrying, Renounce Religion


You were on level 9 of the Dungeon.
You worshipped Ashenzari.
Ashenzari was aware of your devotion.
You were not hungry.

You visited 2 branches of the dungeon, and saw 10 of its levels.
You also visited: Sewer.

You collected 426 gold pieces.
You spent 97 gold pieces at shops.

Inventory:

Hand Weapons
 a - a +6 short sword of venom (weapon)
 i - a +4 halberd
Missiles
 b - 18 poisoned darts (quivered)
 f - 227 arrows
 v - 10 curare-tipped darts
 F - 2 throwing nets {!f}
Armour
 n - a +1 hat (worn)
 q - a +0 buckler (worn)
Jewellery
 g - a cursed ring of wizardry (left tentacle)
 A - a cursed amulet of magic regeneration (around mantle)
 C - a ring of stealth (right tentacle)
Wands
 d - a wand of scattershot (1)
 k - a wand of flame (39)
 u - a wand of iceblast (10)
Scrolls
 l - 2 scrolls of fear {!r}
 m - 2 scrolls of noise
 p - 2 scrolls of teleportation {@r3 !r}
 s - a scroll of identify {@r1}
 w - 2 scrolls of magic mapping {@r5 !r}
 x - a scroll of blinking {@r4}
 E - a scroll of remove curse {@r2}
 G - a scroll of fog {!r}
Potions
 c - a potion of resistance
 h - a potion of agility {@q5 !q}
 j - 2 potions of heal wounds {@q2 !q}
 o - 4 potions of flight
 r - a potion of haste {@q4 !q}
 t - a potion of cancellation
 z - 2 potions of might {@q3 !q}
 B - 2 potions of berserk rage
 D - a potion of curing {@q1 !q}
Books
 y - a manual of Fighting
Miscellaneous
 H - a lamp of fire
Comestibles
 e - 20 rations
 I - 5 chunks of flesh


   Skills:
 + Level 9.1 Fighting
 - Level 5.0 Short Blades
 + Level 7.3 Dodging
 - Level 8.0 Stealth
 + Level 2.7 Shields
 - Level 2.1 Unarmed Combat
 - Level 2.0 Spellcasting
 - Level 4.0 Summonings
 + Level 6.4 Air Magic
 + Level 3.4 Evocations


You had 6 spell levels left.
You knew the following spells:

 Your Spells              Type           Power        Failure   Level  Hunger
a - Summon Small Mammal   Summ           ###.         1%          1    #......
b - Call Imp              Summ           ###.....     2%          2    ##.....
c - Summon Lightning Spi  Summ/Air       ###.....     9%          4    #####..

Your spell library contained the following spells:

 Spells                   Type           Power        Failure   Level  Hunger
 Call Canine Familiar     Summ           ###.....     4%          3    ###....
 Summon Guardian Golem    Hex/Summ       ##......     10%         3    ###....
 Summon Ice Beast         Ice/Summ       ##......     30%         4    #####..


Dungeon Overview and Level Annotations

Branches:
Dungeon (9/15)             Temple (1/1) D:5             Orc (0/2) D:9
  Sewer (visited)
   Lair: D:8-11

Altars:
Ashenzari
Cheibriados
Dithmenos
Elyvilon
Fedhas
Gozag
Hepliaklqana
Kikubaaqudgha
Makhleb
Nemelex Xobeh
Okawaru
Qazlal
Ru
Sif Muna
Trog
Uskayaw
Vehumet
Wu Jian
Xom
Yredelemnul
Zin
The Shining One

Shops:
D:5 ?   D:8 ?

Annotations:
D:4 2 exclusions
D:7 2 runed translucent doors, bmj180's ghost, novice GrEE
D:9 1 runed translucent door


Innate Abilities, Weirdness & Mutations

You cannot wear most types of armour.
You are very stealthy in the water. (Stealth+)
You are amphibious.
You can wear up to eight rings at the same time.
You can use your tentacles to constrict eight enemies at once.
Your skin changes colour to match your surroundings (Stealth+).
Your rubbery body absorbs attacks. (AC +1, EV +1)


Message History

No target in view!
No target in view!
A quokka comes into view.
A quokka is nearby!
A quokka is nearby!
The quokka completely misses you. You block the quokka's attack.
You hit the quokka.
The quokka is poisoned.
Your grab misses the quokka. Your squeeze misses the quokka.
The quokka is severely wounded.
The quokka misses you.
You hit the quokka.
You kill the quokka!
No target in view!
You butcher the quokka corpse.
I - a chunk of flesh You see here a quokka skeleton. x2
p - 2 scrolls of teleportation {@r3 !r} (gained 1)
Found 18 stones.
Found an uncursed long sword of holy wrath.
Found a stone staircase leading down. 3 orcs come into view.
You see here an uncursed long sword of holy wrath.
The orc hits you with a +0 flail!
You puncture the orc!
You kill the orc!
Found 17 gold pieces.
The orc shouts! x2
The orc barely misses you.
You hit the orc. You grab the orc.
The orc is severely wounded.
You constrict the orc. The orc misses you.
You hit the orc.
You kill the orc!
You puncture the orc!
You kill the orc!
No target in view!
No target in view!
No target in view!
No target in view!
Things that are here:
a +0 flail; an orc corpse You butcher the orc corpse.
I - 5 chunks of flesh (gained 4)
Things that are here:
a +0 flail; an orc skeleton
Things that are here:
a +0 flail; an orc skeleton
Things that are here:
a +0 flail; an orc corpse You butcher the orc corpse.
I - 6 chunks of flesh (gained 1)
Things that are here:
a +0 flail; an orc skeleton
Things that are here:
a +0 flail; an orc skeleton You now have 329 gold pieces (gained 17).
A scorpion comes into view.
A scorpion is nearby!
A scorpion is nearby!
Found an uncursed pair of boots.
The helpless scorpion fails to defend itself.
You impale the scorpion!!
You kill the scorpion!
No target in view!
No target in view!
No target in view!
You see here a scorpion corpse.
Eating one of 6 chunks of flesh.
You eat one of the 6 chunks of flesh.
This raw flesh tastes terrible.
f - 227 arrows (gained 18)
Found a stone staircase leading down.
You open the door.
There is an open door here.
A troll comes into view.
A troll is nearby!
A troll is nearby!
The troll shouts!
The troll bites you! The troll misses you. The troll barely misses you.
You puncture the troll!
The troll is poisoned.
The troll is moderately wounded.
The troll bites you! The troll barely misses you. The troll claws you!
You hit the troll.
The troll looks as sick as possible!
The troll is moderately wounded.
The troll misses you. The troll claws you. You block the troll's attack.
You are too injured to fight recklessly!
You are too injured to fight recklessly!
You are too injured to fight recklessly!
A troll is nearby!
Casting: Summon Lightning Spire (safe; 9% risk of failure)
Confirm with . or Enter, or press ? or * to list all spells.
Aiming: Summon Lightning Spire (safe; 9% risk of failure)
Press: ? - help, Dir - move target cursor An electric hum fills the air.
The troll bites you! The troll closely misses you.
The troll completely misses you. The troll bites you!
* * * LOW HITPOINT WARNING * * *
The troll claws you!
* * * LOW HITPOINT WARNING * * *
The troll claws you!
You die...

##### #### #....... +.8.##....
#....... #......... . #.......
#........... #.......
#........... #.......
#...##...... #.####.. #...# .....
#.# #.. ##########..T##...... #.#
#.. #............@....... #.# #..
#.................... #.# #..
#.......#######...... #.# #..
####.......#.....#########.# #..
...#.......#...............# #..
##.##'######......######...# #..
##...........###.># #...# #..
..................# #...# #..
....###...........######...####..


You could see a troll and a friendly lightning spire.

Vanquished Creatures
  2 trolls
  A hippogriff (D:8)
  4 yaks (D:9)
  A water moccasin (D:7)
  Duvessa (D:7)
  2 orc warriors (D:9)
  3 slaves
  A sky beast (D:8)
  A phantom (D:6)
  5 ogres
  2 centaurs
  3 big kobolds
  A bullfrog (D:7)
  A gnoll sergeant (D:7)
  Dowan (D:7)
  2 scorpions
  5 killer bees
  5 wights
  A howler monkey (D:7)
  5 crimson imps
  2 quasits
  A hound (D:6)
  2 orc priests (D:9)
  A jelly (D:7)
  6 orc wizards
  5 worker ants
  2 iguanas
  A killer bee zombie (D:5)
  2 worker ant zombies
  11 gnolls
  10 adders
  2 river rats (Sewer)
  A shadow imp (D:4)
  An ooze (D:2)
  3 worms
  2 dart slugs (D:2)
  6 leopard geckos
  37 orcs
  5 bats
  9 giant cockroaches
  8 hobgoblins
  2 jackals (Sewer)
  6 quokkas
  5 frilled lizards
  5 goblins
  18 kobolds
  3 leopard gecko skeletons
  A leopard gecko zombie (D:8)
  2 quokka skeletons
  6 rats
212 creatures vanquished.

Vanquished Creatures (collateral kills)
  Pikel (D:6)
  A troll (D:5)
  A slave (D:6)
  A wight (D:6)
  2 oozes
6 creatures vanquished.

Grand Total: 218 creatures vanquished

Notes
Turn   | Place    | Note
-------+----------+-------------------------------------------
     0 | D:1      | EnegeticOcto the Octopode Summoner began the quest for the
                  | Orb.
     0 | D:1      | Reached XP level 1. HP: 11/11 MP: 3/3
   543 | D:1      | Reached XP level 2. HP: 4/18 MP: 3/5
  1716 | D:2      | Reached skill level 1 in Fighting
  1750 | D:2      | Reached skill level 1 in Unarmed Combat
  1750 | D:2      | Reached XP level 3. HP: 16/23 MP: 6/6
  2053 | D:2      | Learned a level 2 spell: Call Imp
  2112 | D:2      | Found a shimmering blue altar of Sif Muna.
  2335 | D:2      | You fall into a shaft and drop 2 floors!
  2435 | D:4      | Reached XP level 4. HP: 12/28 MP: 7/7
  4029 | D:3      | Reached skill level 2 in Fighting
  4055 | D:3      | Reached XP level 5. HP: 32/34 MP: 8/8
  5308 | D:4      | Learned a level 4 spell: Summon Lightning Spire
  5791 | D:5      | Entered Level 5 of the Dungeon
  5836 | D:5      | Reached XP level 6. HP: 34/41 MP: 9/9
  5914 | D:5      | Reached skill level 1 in Short Blades
  5925 | D:5      | Found a glowing drain.
  5945 | Sewer    | Entered a sewer
  5959 | Sewer    | Reached skill level 5 in Stealth
  5959 | Sewer    | Reached skill level 1 in Air Magic
  6160 | Sewer    | Found a white marble altar of Elyvilon.
  6170 | Sewer    | Became a worshipper of Elyvilon the Healer
  6270 | D:5      | Noticed a troll
  6276 | D:5      | Reached skill level 3 in Fighting
  6276 | D:5      | Reached XP level 7. HP: 17/46 MP: 10/10
  6740 | D:5      | Found Pulitizel's Magic Scroll Boutique.
  6817 | D:5      | Bought a scroll of blinking for 97 gold pieces
  6899 | D:5      | Reached * piety under Elyvilon
  7007 | D:5      | Killed a troll
  7445 | D:5      | Found a staircase to the Ecumenical Temple.
  7458 | Temple   | Entered the Ecumenical Temple
  7562 | Temple   | Fell from the grace of Elyvilon
  7562 | Temple   | Became a worshipper of Ashenzari the Shackled
  7698 | D:6      | Noticed Pikel
  8040 | D:6      | Reached XP level 8. HP: 46/54 MP: 11/11
  8105 | D:6      | Reached skill level 4 in Fighting
  8741 | D:6      | Noticed a troll
  8766 | D:6      | Killed a troll
  8766 | D:6      | Reached skill level 5 in Fighting
  8766 | D:6      | Reached skill level 5 in Dodging
  9022 | D:6      | Killed Pikel
  9287 | D:6      | Reached XP level 9. HP: 62/62 MP: 12/12
  9510 | D:6      | Reached skill level 6 in Fighting
 10178 | D:7      | Found a large runed translucent door.
 10179 | D:7      | Found a large runed translucent door.
 10249 | D:7      | Noticed Dowan
 10262 | D:7      | Noticed Duvessa
 10269 | D:7      | Killed Duvessa
 10269 | D:7      | Killed Dowan
 10665 | D:7      | Noticed bmj180's ghost (novice GrEE)
 10818 | D:7      | Reached skill level 7 in Fighting
 10818 | D:7      | Reached skill level 5 in Short Blades
 10892 | D:8      | Reached skill level 5 in Air Magic
 11007 | D:8      | Reached * piety under Ashenzari
 11759 | D:7      | Reached skill level 8 in Fighting
 11759 | D:7      | Reached skill level 1 in Evocations
 12732 | D:8      | Found Nohen's Magic Scroll Shoppe.
 12796 | D:8      | Reached XP level 10. HP: 72/72 MP: 13/13
 12804 | D:8      | Reached skill level 1 in Shields
 13434 | D:9      | Reached skill level 9 in Fighting
 13679 | D:9      | Found a staircase to the Orcish Mines.
 14082 | D:9      | Found a glowing silver altar of Zin.
 14082 | D:9      | Found a runed translucent door.
 14082 | D:9      | Noticed an angel
 14287 | D:9      | Slain by a troll

Levels and vault maps discovered:
D:1:      minmay_arrival_nine_rooms, layout_rooms
D:2:      layout_loops_ring, lemuel_crystal_altar, first_ration
D:3:      layout_basic, chequers_avenue, minmay_misc_feat_doors
D:4:      wad_lake_hut, layout_basic, minmay_misc_feat_cross, eino_curves_03
D:5:      layout_basic, minmay_temple_entry_drinking_statues,
          portal_sewer_entry_f, serial_shops, nicolae_shop_crystal,
          minmay_manual_mess
D:6:      layout_rooms, uniq_pikel
D:7:      layout_basic, ebering_ghost_disaster_area, nrook_uturn,
          grunt_ogre_cave, uniq_duvessa
D:8:      layout_loops_cross, serial_shops, shop
D:9:      layout_stronghold, hiddenorc2_lemuel, lemuel_angel_altar
Temple:   dpeg_three_leaves_temple

Skill      XL: |  1  2  3  4  5  6  7  8  9 10 |
---------------+-------------------------------+-----
Stealth        | 3 4 5 6 7 8 |  8.0
Fighting       | 1 2 3 5 8 9 |  9.1
Unarmed Combat | 1 2 |  2.1
Dodging        | 3 4 5 6 7 |  7.3
Short Blades   | 1 2 4 5 |  5.0
Air Magic      | 1 2 4 5 6 |  6.4
Evocations     | 1 3 |  3.4
Shields        | 2 |  2.7
Spellcasting   | |  2.0
Summonings     | |  4.0

Action                   |  1- 3 |  4- 6 |  7- 9 | 10-12 || total
-------------------------+-------+-------+-------+-------++-------
Melee: Unarmed           |    66 |    32 |       |       ||    98
       Constrict         |    20 |    26 |    46 |    25 ||   117
       Tentacles         |     8 |    15 |    35 |    25 ||    83
       Short sword       |       |    86 |   229 |   132 ||   447
       Punch             |       |       |     2 |     4 ||     6
       Halberd           |       |       |     9 |       ||     9
 Fire: Hunting sling     |    45 |    82 |     3 |       ||   130
Throw: Stone             |       |       |     1 |       ||     1
 Cast: Summon Small Mamm |     2 |       |       |       ||     2
       Call Imp          |     1 |       |     4 |       ||     5
       Summon Lightning  |       |       |     6 |     1 ||     7
Invok: Curse Item        |       |       |     2 |       ||     2
Evoke: Wand              |       |       |     6 |       ||     6
  Use: Potion            |     3 |       |     1 |       ||     4
       Scroll            |       |     7 |     6 |     3 ||    16
 Stab: Sleeping          |     4 |    14 |    12 |     5 ||    35
  Eat: Chunk             |     1 |     9 |     8 |     2 ||    20
       Ration            |     1 |     1 |     4 |     1 ||     7
Armor: Skin              |     9 |    17 |    19 |     5 ||    50
Dodge: Dodged            |    46 |    97 |   162 |   132 ||   437
Block: Buckler           |       |       |     2 |    33 ||    35

Table legend:
 A = Non-vault XP
 B = Vault XP
 C = Vault XP percentage of total XP
 D = Non-vault monster count
 E = Vault monster count
 F = Vault count percentage of total count
                 A         B        C        D         E       F
            +---------+---------+-------+---------+---------+-------
      Total |    5011 |    1670 |  25.0 |     162 |      52 |  24.3
            +---------+---------+-------+---------+---------+-------
        D:1 |      24 |       0 |   0.0 |      14 |       0 |   0.0
        D:2 |      81 |       0 |   0.0 |      16 |       0 |   0.0
        D:3 |     115 |       0 |   0.0 |      32 |       0 |   0.0
        D:4 |      91 |       0 |   0.0 |       7 |       0 |   0.0
        D:5 |     362 |     376 |  50.9 |      15 |      11 |  42.3
        D:6 |    1093 |     321 |  22.7 |      20 |       1 |   4.8
        D:7 |     866 |     348 |  28.7 |      14 |       3 |  17.6
        D:8 |    1035 |       0 |   0.0 |      21 |       0 |   0.0
        D:9 |    1344 |     486 |  26.6 |      23 |      27 |  54.0
      Sewer |       0 |     139 | 100.0 |       0 |      10 | 100.0
            +---------+---------+-------+---------+---------+-------
